 Dungeon Crawl Stone Soup version 0.29-a0-322-g68df515428 (webtiles) character file.

Game seed: 7777101423466311076

2632 rabbitsville the Fighter (level 9, -3/84 HPs)
             Began as a Minotaur Fighter on Apr 6, 2022.
             Was an Initiate of Okawaru.
             Killed by divine providence
             ... invoked by an orc priest
              (15 damage)
             ... on level 8 of the Dungeon.
             The game lasted 00:24:38 (7293 turns).

rabbitsville the Fighter (Minotaur Fighter)         Turns: 7293, Time: 00:24:39

Health: -3/84      AC: 12    Str: 25    XL:     9   Next: 35%
Magic:  8/8        EV:  6    Int:  5    God:    Okawaru [......]
Gold:   267        SH:  5    Dex: 10    Spells: 8/8 levels left

rFire   . . .      SeeInvis .   a - +0 war axe
rCold   . . .      Faith    .   c - +0 buckler
rNeg    . . .      Spirit   .   G - +0 plate armour
rPois   .          Reflect  .   (helmet restricted)
rElec   .          Harm     .   D - +0 cloak
rCorr   +          Rampage  .   (no gloves)
Will    .....                   (no boots)
Stlth   ..........              (no amulet)
HPRegen 0.24/turn               j - ring of resist corrosion
MPRegen 0.11/turn               (no ring)

@: no status effects
A: horns 2, retaliatory headbutt
a: Renounce Religion


You were on level 8 of the Dungeon.
You worshipped Okawaru.
Okawaru was noncommittal.
You visited 2 branches of the dungeon, and saw 9 of its levels.

You collected 327 gold pieces.
You spent 60 gold pieces at shops.

Inventory:

Hand Weapons
 a - a +0 war axe (weapon)
 b - the +5 dagger of Articulation {drain, *Noise rF++ rC- Will+}
   (You found it on level 3 of the Dungeon)

   A truly terrible weapon, it drains the life of any living foe it strikes.
   rF:        It greatly protects you from fire.
   rC:        It makes you vulnerable to cold.
   *Noise:    It may make noises in combat.
   Will:      It increases your willpower.
Missiles
 z - 2 silver boomerangs (quivered)
 B - 9 atropa-tipped darts
Armour
 c - a +0 buckler (worn)
 g - a +0 chain mail
 s - a +0 scale mail
 D - a +0 cloak (worn)
 G - a +0 plate armour (worn)
Jewellery
 j - a ring of resist corrosion (left hand)
 r - a ring of fire
 H - a +6 ring of strength
 K - an amulet of magic regeneration
Wands
 x - a wand of polymorph (8)
 y - a wand of flame (22)
 F - a wand of iceblast (7)
 I - a wand of acid (5)
Scrolls
 e - 2 scrolls of blinking {unknown}
 i - 2 scrolls of brand weapon {unknown}
 q - 2 scrolls of immolation
 t - 2 scrolls of torment {unknown}
 u - a scroll of fog {unknown}
 v - a scroll of noise {unknown}
 w - 2 scrolls of enchant armour {unknown}
 J - a scroll of vulnerability {unknown}
Potions
 d - a potion of mutation
 f - 2 potions of flight
 k - a potion of invisibility
 l - a potion of haste
 n - a potion of curing
 o - a potion of heal wounds
 p - a potion of ambrosia
 A - a potion of magic
 C - a potion of attraction


   Skills:
 + Level 9.6 Fighting
 - Level 7.8 Axes
 + Level 3.6 Throwing
 - Level 3.6 Armour
 - Level 8.3 Shields
 + Level 3.3 Evocations


You had 8 spell levels left.
You didn't know any spells.
Your spell library contained the following spells:

 Spells                   Type           Power      Damage    Failure   Level
 Apportation              Tloc           0%         N/A       100%        1
 Sublimation of Blood     Necr           0%         N/A       100%        2
 Petrify                  Tmut/Erth      0%         N/A       100%        4
 Alistair's Intoxication  Tmut/Pois      0%         N/A       100%        5
 Borgnjor's Vile Clutch   Necr/Erth      0%         N/A       100%        5
 Irradiate                Conj/Tmut      0%         3d13      100%        5
 Eringya's Noxious Bog    Tmut/Pois      0%         N/A       100%        6
 Animate Skeleton         Necr           Unusable   N/A       N/A         1
 Summon Small Mammal      Summ           Unusable   N/A       N/A         1

Dungeon Overview and Level Annotations

Branches:
Dungeon (8/15)             Temple (1/1) D:7
   Lair: D:8-11

Altars:
Ashenzari
Cheibriados
Elyvilon
Fedhas
Gozag
Hepliaklqana
Kikubaaqudgha
Makhleb
Nemelex Xobeh
Okawaru
Qazlal
Ru
Uskayaw
Vehumet
Wu Jian
Xom
Yredelemnul
Zin
The Shining One

Shops:
D:4 *?*   D:7 =

Annotations:
D:3 Natasha
D:7 exclusion: 2 upstairs
D:8 Maurice


Innate Abilities, Weirdness & Mutations

You have a pair of horns on your head.
You reflexively headbutt those who attack you in melee.


Message History

The bullfrog barely misses you.
The orc warrior hits you with a +0 scimitar!
* * * LOW HITPOINT WARNING * * *
The bullfrog hits you but does no damage.
You hit the orc warrior.
The orc warrior is lightly wounded.
You hit the bullfrog. You hit the orc wizard.
Your surroundings seem slightly different.
You open the large door.
An orc wizard comes into view. It is wielding a +0 dagger.
The hornet buzzes angrily.
The orc hits you but does no damage.
Found a scale mail.
Found a stone staircase leading up.
The orc wizard mumbles some strange words.
The orc wizard flickers and vanishes!
Deactivating autopickup; reactivate with Ctrl-A.
The orc hits you but does no damage.
There is a large open door here.
The bullfrog attacks as you move away!
The bullfrog hits you but does no damage.
The orc attacks as you move away! The orc hits you but does no damage.
The bullfrog attacks as you move away! The bullfrog hits you.
* * * LOW HITPOINT WARNING * * *
The bullfrog closely misses you.
The orc priest attacks as you move away!
The orc priest hits you but does no damage.
The bullfrog swells and bulges.
The bullfrog barely misses you.
The orc priest attacks as you move away!
The orc priest hits you but does no damage.
The orc wizard mumbles some strange words.
The orc wizard flickers and vanishes!
The orc priest mumbles some strange prayers to Beogh against you.
Beogh smites you!
* * * LOW HITPOINT WARNING * * *
You see here a +0 scale mail.
The bullfrog hits you but does no damage.
The orc priest calls down the wrath of Beogh upon you.
Beogh smites you!
You die...

### ##. o....#####
#.. #..)... #
..### # #..))y# #.
........#......
.##..#.....#.###.#
.......#..## #.. #
##.##.#... .. .##
#.#@[.....# #y .
#..oF##...# . .
##...o..#.#.#
#......#.#.#
#.....{#.o.#
#.....o{o####
#......o....#
###.........#
#.........#


You could see an orc warrior, a bullfrog, an orc priest and 3 orcs.

Vanquished Creatures
  Grinder (D:3)
  A steam dragon (D:7)
  Menkaure (D:4)
  2 water moccasins
  2 ice beasts (D:7)
  A sky beast (D:6)
  A black bear (D:5)
  A centaur (D:6)
  A bullfrog (D:7)
  A necrophage (D:7)
  3 scorpions
  5 wights (D:7)
  6 killer bees
  2 howler monkeys (D:7)
  2 jellies
  2 orc priests
  2 hounds
  A gnoll shaman (D:8)
  4 iguanas
  Natasha (D:3)
  7 gnolls
  10 adders
  A white imp (D:7)
  4 ufetubi
  A worm (D:4)
  3 dart slugs
  18 orcs
  8 ball pythons
  5 bats
  4 endoplasms
  5 hobgoblins
  3 jackals (D:2)
  5 kobolds
  4 quokkas
  2 frilled lizards
  5 goblins
  4 rats
129 creatures vanquished.

Vanquished Creatures (others)
  6 plants (D:3)
6 creatures vanquished.

Grand Total: 135 creatures vanquished

Notes
Turn   | Place    | Note
-------+----------+-------------------------------------------
     0 | D:1      | rabbitsville the Minotaur Fighter began the quest for the
                  | Orb.
     0 | D:1      | Reached XP level 1. HP: 19/19 MP: 0/0
   296 | D:1      | Reached XP level 2. HP: 25/27 MP: 1/1
   348 | D:1      | Reached skill level 4 in Fighting
   777 | D:2      | Reached XP level 3. HP: 33/33 MP: 2/2
  1112 | D:3      | Noticed Grinder
  1132 | D:3      | HP: 1/34 [Grinder (5)]
  1541 | D:3      | Killed Grinder
  1542 | D:3      | Reached skill level 5 in Fighting
  1542 | D:3      | Reached skill level 5 in Shields
  1542 | D:3      | Reached XP level 4. HP: 13/42 MP: 3/3
  1542 | D:3      | Reached XP level 5. HP: 14/48 MP: 4/4
  1737 | D:3      | Reached XP level 6. HP: 52/56 MP: 5/5
  1793 | D:3      | Identified the +5 dagger of Articulation {drain, *Noise
                  | rF++ rC- Will+}
  1880 | D:3      | Found a blossoming altar of Fedhas.
  2118 | D:3      | Found a faded altar of an unknown god.
  2320 | D:3      | Found a shimmering altar of Xom.
  2378 | D:3      | Noticed Natasha
  2385 | D:3      | Killed Natasha
  2386 | D:3      | Reached skill level 5 in Axes
  2504 | D:3      | Noticed Natasha
  2546 | D:4      | Noticed Menkaure
  2559 | D:4      | Killed Menkaure
  2560 | D:4      | Reached skill level 6 in Fighting
  2913 | D:4      | Reached XP level 7. HP: 63/63 MP: 6/6
  2980 | D:4      | Found Paimomp's General Store.
  3061 | D:4      | Found Meeragho's Magic Scroll Emporium.
  3062 | D:4      | Found Luemitt's Assorted Antiques.
  3069 | D:4      | Bought a scroll of identify for 24 gold pieces
  3069 | D:4      | Bought a scroll of teleportation for 36 gold pieces
  3589 | D:5      | Entered Level 5 of the Dungeon
  3659 | D:5      | Reached skill level 7 in Fighting
  3918 | D:5      | Reached XP level 8. HP: 71/73 MP: 7/7
  4257 | D:5      | Found a broken altar of Ashenzari.
  4856 | D:7      | Reached skill level 8 in Fighting
  5113 | D:7      | Reached skill level 1 in Throwing
  5113 | D:7      | Reached skill level 1 in Evocations
  5591 | D:7      | Reached XP level 9. HP: 78/81 MP: 8/8
  5593 | D:7      | Reached skill level 9 in Fighting
  5730 | D:7      | Found a staircase to the Ecumenical Temple.
  5740 | Temple   | Entered the Ecumenical Temple
  6039 | Temple   | Became a worshipper of Warmaster Okawaru
  6374 | D:7      | Found Rece's Jewellery Shoppe.
  6732 | D:8      | Noticed Maurice
  6745 | D:8      | Paralysed by a hornet for 1 turns
  7293 | D:8      | Killed from afar by an orc priest

Illustrated notes

Levels and vault maps discovered:
D:1:      wheals_arrival_linesprint, layout_rooms
D:2:      layout_rooms, minivault_25, chequers_serial_rivers_room_a,
          minmay_liquid_box
D:3:      layout_loops_ring, mainiacjoe_overflow_tiny_flanked,
          fedhas_ov_isle_minmay, hellmonk_ecumenical_altar_blasted,
          nrook_loot_triangle, serial_bayou_pond_b, minivault_19, uniq_grinder,
          uniq_natasha
D:4:      layout_basic, nicolae_wooded_promenade, minmay_stone_trees_small,
          hangedman_decor_growths, grunt_ministairs_2, uniq_menkaure
D:5:      layout_cave_pools, kennysheep_mini_moat
D:6:      layout_rooms, ebering_ghost_disaster_area
D:7:      layout_gridville, minmay_temple_entry_trees, serial_shops,
          nicolae_take_the_stairs
D:8:      layout_basic, kennysheep_little_box, uniq_maurice, uniq_amaemon
Temple:   minmay_temple_bridge_d

Skill      XL: |  1  2  3  4  5  6  7  8  9 |
---------------+----------------------------+-----
Fighting       | 4 5 6 7 8 9 |  9.6
Shields        | 4 5 6 7 8 |  8.3
Axes           | 3 4 5 6 7 |  7.8
Throwing       | 2 3 |  3.6
Evocations     | 2 3 |  3.3
Armour         | |  3.6

Action                   |  1- 3 |  4- 6 |  7- 9 || total
-------------------------+-------+-------+-------++-------
Melee: War axe           |    69 |    15 |   104 ||   188
       Headbutt          |     8 |    11 |    47 ||    66
       Dagger            |       |    54 |   154 ||   208
  Use: Potion            |     2 |       |     4 ||     6
       Scroll            |       |       |    11 ||    11
Armor: Scale mail        |     9 |       |       ||     9
       Chain mail        |    17 |    34 |    99 ||   150
       Plate armour      |       |       |    60 ||    60
Dodge: Dodged            |    30 |    22 |   109 ||   161
Block: Buckler           |    14 |    20 |    86 ||   120

Table legend: (Time is in decaauts)
 A = Elapsed time spent in this place.
 B = Non-inter-level travel time spent in this place.
 C = Inter-level travel time spent in this place.
 D = Time resting spent in this place.
 E = Time spent auto-exploring this place.
 F = Levels seen in this place.
 G = Mean time per level.
                   A        B        C        D        E       F      G
               +--------+--------+--------+--------+--------+-----+--------+
         Total |   7347 |   7053 |    294 |   1635 |   3025 |   9 |  816.3 |
       Dungeon |   6975 |   6823 |    152 |   1635 |   2811 |   8 |  871.9 |
        Temple |    372 |    230 |    142 |      0 |    214 |   1 |  372.0 |
               +--------+--------+--------+--------+--------+-----+--------+

Top non-repeatable levels by time:
     D:7: 2174 daAuts
     D:4: 1474 daAuts
     D:3: 1033 daAuts
     D:5: 726 daAuts
     D:1: 684 daAuts
     D:2: 433 daAuts
  Temple: 372 daAuts
     D:6: 317 daAuts
     D:8: 130 daAuts
